 Dungeon Crawl Stone Soup version 0.24-a0-715-g0b739ee41d (webtiles) character file.

Game seed: 2519871301767115771, levelgen mode: deterministic

98 DevastatorOne the Chopper (level 4, 0/38 HPs)
             Began as a Demigod Fighter on Sept 30, 2019.
             Slain by a bat (1 damage)
             ... on level 2 of the Dungeon.
             The game lasted 00:02:12 (1159 turns).

DevastatorOne the Chopper (Demigod Fighter)         Turns: 1159, Time: 00:02:13

Health: 0/38       AC:  7    Str: 21    XL:     4   Next: 20%
Magic:  6/6        EV:  7    Int: 12    God:
Gold:   44         SH:  9    Dex: 15    Spells: 3/3 levels left

rFire    . . .     SeeInvis .   a - +0 war axe
rCold    . . .     Gourm    .   c - +0 shield
rNeg     . . .     Faith    .   b - +0 scale mail
rPois    .         Spirit   .   i - +0 helmet
rElec    .         Reflect  .   (no cloak)
rCorr    .         Harm     .   (no gloves)
MR       .....                  (no boots)
Stlth    ..........             (no amulet)
HPRegen  0.12/turn              (no ring)
MPRegen  0.10/turn              (no ring)

@: no status effects
A: high mp 1
a: no special abilities


You were on level 2 of the Dungeon.
You were not hungry.

You visited 1 branch of the dungeon, and saw 2 of its levels.

You collected 44 gold pieces.

Inventory:

Hand Weapons
 a - a +0 war axe (weapon)
Missiles
 p - 8 boomerangs (quivered)
 q - a throwing net
Armour
 b - a +0 scale mail (worn)
 c - a +0 shield (worn)
 i - a +0 helmet (worn)
Scrolls
 e - a scroll of remove curse {unknown}
 g - 2 scrolls of identify {unknown}
 h - 4 scrolls of teleportation {unknown}
 j - a scroll of random uselessness {unknown}
 l - a scroll of fog {unknown}
 o - a scroll of amnesia {unknown}
 r - a scroll of magic mapping {unknown}
 s - a scroll of immolation {unknown}
Potions
 d - a potion of might
 k - a potion of curing {unknown}
 m - a potion of heal wounds {unknown}
 n - a potion of lignification {unknown}
Comestibles
 f - 2 rations
 t - 2 chunks of flesh


   Skills:
 - Level 3.0 Fighting
 * Level 4.1 Axes
 - Level 2.6 Armour
 - Level 2.6 Shields


You had 3 spell levels left.
You didn't know any spells.
Your spell library was empty.

Dungeon Overview and Level Annotations

Branches:
Dungeon (2/15)


Innate Abilities, Weirdness & Mutations

You have an increased reservoir of magic. (+10% MP)


Message History

You block the quokka's attack.
The dart slug bites you but does no damage.
You slash the dart slug!
You kill the dart slug!
You slash the quokka!
You kill the quokka!
You slash the goblin!
You kill the goblin!
You block the bat's attack.
You slash the worm!
The worm is heavily wounded.
You block the bat's attack. The worm bites you!
* * * LOW HITPOINT WARNING * * *
Things that are here:
a stone; a quokka corpse The bat hits you.
* * * LOW HITPOINT WARNING * * *
The bat hits you but does no damage. The bat hits you.
You die...

#..# ....#. #.#.#
#..# #...##...#
#..#
.##...)...######
#..#
.......(........
#..#
########).#####
#..# #†w# #..#
#.(#
...############.b#
...............(@#
...##.#######.##.#
...##.# #.##.#
##.##.## ##.##.#
...#...#####.#.#.#
............###..#
.###...#####.#.###
## ##.## ##.##
#.#######.#


You could see a worm and a bat.

Vanquished Creatures
  An adder (D:2)
  An ooze (D:2)
  A worm (D:2)
  5 dart slugs
  2 ball pythons (D:2)
  6 bats
  6 giant cockroaches
  10 goblins
  4 hobgoblins (D:2)
  8 jackals (D:1)
  3 quokkas (D:2)
  3 frilled lizards
  8 kobolds
  5 rats
63 creatures vanquished.

Notes
Turn   | Place    | Note
-------+----------+-------------------------------------------
     0 | D:1      | DevastatorOne the Demigod Fighter began the quest for the
                  | Orb.
     0 | D:1      | Reached XP level 1. HP: 18/18 MP: 3/3
    26 | D:1      | Reached skill level 2 in Axes
   347 | D:1      | Reached XP level 2. HP: 25/25 MP: 4/4
   522 | D:1      | Reached skill level 3 in Axes
   530 | D:1      | Reached XP level 3. HP: 25/31 MP: 5/5
   926 | D:2      | Found an ornate altar of the Wu Jian Council.
  1124 | D:2      | Reached XP level 4. HP: 21/38 MP: 6/6
  1140 | D:2      | Reached skill level 4 in Axes
  1158 | D:2      | HP: 1/38 [bat (1)]
  1159 | D:2      | Slain by a bat

Levels and vault maps discovered:
D:1:      minmay_arrival_cross, layout_basic
D:2:      layout_loops_ring, marbit_many_paths, minmay_liquid_box,
          minmay_pentomino_w4

Skill      XL: |  1  2  3  4 |
---------------+-------------+-----
Axes           | 2 3 4 |  4.1
Fighting       | 3 |  3.0
Armour         | |  2.6
Shields        | |  2.6

Action                   |  1- 3 |  4- 6 || total
-------------------------+-------+-------++-------
Melee: War axe           |   126 |    12 ||   138
  Eat: Chunk             |     1 |       ||     1
Armor: Scale mail        |    83 |    17 ||   100
Dodge: Dodged            |    42 |     9 ||    51
Block: Shield            |    74 |    16 ||    90

Table legend:
 A = Non-vault XP
 B = Vault XP
 C = Vault XP percentage of total XP
 D = Non-vault monster count
 E = Vault monster count
 F = Vault count percentage of total count
                 A         B        C        D         E       F
            +---------+---------+-------+---------+---------+-------
      Total |     124 |      16 |  11.4 |      55 |       8 |  12.7
            +---------+---------+-------+---------+---------+-------
        D:1 |      57 |       0 |   0.0 |      30 |       0 |   0.0
        D:2 |      67 |      16 |  19.3 |      25 |       8 |  24.2
            +---------+---------+-------+---------+---------+-------
